Map: Ultralove

Players

SubN - Winner!

  • Race: Zerg Zerg
  • League: Diamond
  • Spawn Location: 1:00

IIIIIIIIIIII

  • Race: Terran Terran
  • League: Diamond
  • Spawn Location: 7:00

VOD

Have the link to the VOD?

Description

Time

  • Played on: July 21, 2025, 6:59 p.m.
  • Length: 13:36
Show
View Real Time Build Order
Export as new Build Order

SubN Zerg - Winner!

Build Orders: Pool First 

Get SALT Encoding   

  12  0:00  Drone  
  13  0:12  Overlord  
  13  0:17  Drone  
  14  0:31  Drone x2  
  16  0:37  Drone  
  17  0:45  Spawning Pool  
  17  0:49  Drone  
  17  0:56  Drone  
  18  1:12  Hatchery  
  18  1:15  Extractor  
  18  1:17  Drone  
  17  1:21  Drone  
  18  1:32  Queen  
  20  1:37  Zergling x2  
  20  1:39  Zergling x2  
  22  1:51  Extractor  
  22  1:52  Zergling x2  
  23  2:07  Overlord  
  23  2:16  Overlord  
  23  2:31  Queen x2  
  27  2:39  Roach Warren  
  27  2:42  Drone x3  
  29  2:56  Drone x4  
  33  3:02  Overlord  
  33  3:09  Overlord  
  33  3:18  Drone x3  
  36  3:22  Extractor  
  36  3:27  Lair  
  35  3:35  Queen  
  37  3:43  Drone x3  
  37  3:55  Overlord  
  37  3:58  Drone x3  
  37  4:00  Drone x3  
  43  4:10  Overlord  
  43  4:18  Drone x6  
  43  4:21  Extractor  
  48  4:32  Drone  
  48  4:33  Spire  
  48  4:35  Baneling Nest, Roach  
  48  4:38  Overseer  
  49  4:40  Overseer  
  49  4:42  Overseer  
  49  4:46  Drone x2  
  49  4:47  Drone  
  49  4:48  Drone x2  
  49  4:52  Extractor  
  53  4:56  Glial Reconstitution  
  53  5:03  Roach x2  
  53  5:05  Zergling x6  
  60  5:22  Overlord x3, Hatchery  
  59  5:33  Baneling x2  
  59  5:34  Baneling x4  
  59  5:36  Centrifugal Hooks  
  59  5:50  Overlord x2  
  59  5:51  Drone x2  
  59  5:55  Zerg Flyer Weapons Level 1  
  61  5:58  Queen  
  61  5:59  Queen  
  65  6:05  Zergling x4  
  65  6:06  Zergling x10  
  72  6:20  Overlord  
  72  6:22  Zergling x2  
  73  6:33  Metabolic Boost, Baneling x4  
  73  6:38  Zergling x2  
  73  6:39  Zergling x2  
  75  6:44  Drone x7  
  75  6:45  Queen  
  75  6:46  Overlord  
  70  7:17  Mutalisk x2  
  70  7:18  Mutalisk x6  
  86  7:23  Overseer  
  86  7:30  Drone x5  
  86  7:33  Extractor  
  86  7:34  Extractor  
  89  7:38  Zergling x2  
  90  8:05  Drone  
  90  8:06  Drone x4  
  90  8:07  Drone x3  
  90  8:08  Drone x5  
  103  8:17  Zerg Flyer Weapons Level 2  
  103  8:19  Drone  
  105  8:20  Drone  
  105  8:22  Mutalisk x3, Evolution Chamber  
  105  8:23  Evolution Chamber  
  105  8:25  Hatchery  
  108  8:49  Zerg Melee Weapons Level 1  
  108  8:50  Zerg Missile Weapons Level 1  
  108  8:51  Zergling x12  
  108  8:53  Extractor  
  113  8:58  Infestation Pit  
  113  8:59  Extractor  
  110  9:05  Overlord x4  
  110  9:06  Overlord  
  110  9:07  Overseer  
  110  9:08  Overseer  
  110  9:14  Corruptor  
  112  9:24  Corruptor  
  112  9:25  Corruptor x5  
  124  9:33  Drone x3  
  125  10:03  Baneling x12  
  125  10:04  Baneling x2  
  125  10:05  Zergling x14  
  125  10:06  Zergling x22  
  143  10:11  Overlord  
  143  10:12  Overlord x2  
  143  10:28  Queen  
  141  10:37  Baneling x8  
  141  10:39  Roach x4  
  141  10:40  Roach x5  
  159  10:43  Overlord x3  
  159  10:45  Zerg Melee Weapons Level 2  
  159  10:46  Zerg Missile Weapons Level 2  
  159  10:50  Corruptor x2  
  159  10:51  Corruptor x2  
  166  11:23  Hatchery, Roach  
  166  11:24  Roach x12  
  191  11:26  Overlord x3  
  191  11:35  Zerg Flyer Armor Level 1  
  191  11:38  Neural Parasite, Hive  
  191  11:41  Overlord  
  191  11:42  Overlord  
  191  11:48  Overlord  
  191  11:52  Zergling x12  
  167  12:49  Roach x4  
  167  12:50  Roach x3  
  178  12:51  Zergling x2  
  178  12:52  Zergling x16  
  178  12:57  Queen  
  185  13:10  Drone x2  
Show
View Real Time Build Order
Export as new Build Order

IIIIIIIIIIII Terran 

Build Orders:  

Get SALT Encoding   

  12  0:00  SCV  
  13  0:12  SCV  
  14  0:20  Supply Depot  
  14  0:26  SCV  
  15  0:31  Refinery  
  15  0:41  SCV  
  16  0:46  Barracks  
  16  0:53  SCV  
  17  0:59  Refinery  
  17  1:05  SCV  
  18  1:18  SCV  
  19  1:33  Orbital Command  
  19  1:34  Marine  
  19  1:39  Ghost Academy  
  20  1:52  Barracks Tech Lab  
  20  1:55  Supply Depot  
  20  2:00  SCV  
  21  2:16  Ghost  
  24  2:35  Ghost Academy  
  24  2:38  Supply Depot  
  23  2:45  Ghost  
  26  3:05  Bunker  
  26  3:08  Personal Cloaking  
  26  3:13  Factory  
  26  3:17  Supply Depot  
  26  3:19  SCV  
  27  3:31  Ghost  
  30  3:58  Starport  
  30  4:05  SCV  
  30  4:08  Command Center  
  31  4:13  Factory Tech Lab  
  31  4:18  Ghost  
  34  4:24  SCV  
  35  4:37  Refinery  
  35  4:39  Refinery  
  35  4:40  Supply Depot  
  35  4:45  Siege Tank  
  38  4:51  SCV  
  39  4:57  Medivac  
  41  5:03  SCV  
  42  5:16  SCV  
  43  5:22  Orbital Command  
  43  5:33  Marine  
  44  5:40  SCV  
  45  5:42  Starport  
  45  5:50  Supply Depot x2, SCV  
  46  5:59  SCV  
  46  6:01  Fusion Core, Factory Tech Lab  
  47  6:06  SCV  
  48  6:20  Viking  
  48  6:21  Viking  
  52  6:26  Cyclone  
  55  6:38  SCV x2  
  57  6:50  Viking  
  59  7:19  SCV x2  
  61  7:25  Viking  
  61  7:26  Cyclone  
  69  7:31  Factory, SCV  
  69  7:36  Battlecruiser  
  73  7:37  SCV  
  73  7:43  SCV  
  75  7:45  Supply Depot  
  75  7:49  SCV  
  76  7:54  Weapon Refit  
  76  7:55  SCV  
  77  8:01  SCV  
  77  8:04  Cyclone  
  81  8:06  Supply Depot  
  81  8:07  Supply Depot  
  81  8:08  Mag-Field Accelerator  
  81  8:10  SCV  
  81  8:11  Starport Reactor  
  82  8:15  Factory  
  82  8:18  Factory Tech Lab  
  82  8:27  SCV x2  
  84  8:36  Supply Depot  
  84  8:37  Supply Depot  
  84  8:39  SCV  
  84  8:40  SCV  
  86  8:43  Armory x2  
  86  8:49  Engineering Bay  
  86  8:55  Cyclone  
  91  8:57  Viking  
  91  9:03  Raven  
  91  9:06  SCV  
  91  9:07  SCV  
  95  9:21  Missile Turret  
  95  9:22  Missile Turret  
  96  9:27  Missile Turret  
  95  9:32  Missile Turret  
  95  9:33  Command Center  
  95  9:37  Siege Tank  
  98  9:58  Thor  
  104  10:01  Battlecruiser  
  104  10:04  Factory Reactor, Drilling Claws  
  104  10:06  Infernal Pre-Igniter  
  110  10:34  Liberator  
  113  10:38  SCV  
  113  10:41  Thor, Supply Depot  
  113  10:42  Supply Depot  
  120  10:43  Hellion  
  122  10:57  Siege Tank  
  122  11:02  Supply Depot  
  125  11:04  Supply Depot  
  125  11:27  Planetary Fortress  
  125  11:31  Refinery  
  125  11:36  SCV x2  
  125  11:39  Refinery  
  127  11:40  Supply Depot  
  127  11:45  Supply Depot  
  127  11:48  SCV x2  
  129  12:00  SCV x2  
  131  12:06  Thor  
  137  12:10  Siege Tank  
  140  12:23  Sensor Tower  
  127  12:43  Hellbat  
  128  13:16  Command Center  
Tags
 
Matchup
TvZ
Opening
Pool First
Replay Pack
Multiplayer
Spawn Locations
Cross Positions
Add a new tag
Caveats
  • Supply blocks, unpowered buildings, or Contaminate may cause inaccurate times.
  • Supply counts are checked every 10 seconds.